 Dungeon Crawl Stone Soup version 0.18.1-8-gdd0e5ea (webtiles) character file.

149 Television the Insei (level 5, -4/41 HPs)
             Began as a Mummy Monk on June 5, 2016.
             Slain by an orc
             ... wielding a +0 whip
              (6 damage)
             ... on level 4 of the Dungeon.
             The game lasted 00:08:07 (4051 turns).

Television the Insei (Mummy Monk)                   Turns: 4051, Time: 00:08:07

Health: -4/41      AC:  4    Str: 15    XL:     5   Next: 9%
Magic:  5/5        EV: 10    Int:  9    God:
Gold:   189        SH:  0    Dex: 15    Spells: 0 memorised, 4 levels left

rFire  x . .     SeeInvis +       - Unarmed
rCold  + . .     Gourm    .     (no armour)
rNeg   + + +     Faith    .     (no shield)
rPois  ∞         Spirit   .     c - +1 hat {SInv}
rElec  .         Dismiss  .     (no cloak)
rCorr  .         Reflect  .     b - +0 pair of gloves
SustAt .         Harm     .     k - +1 pair of boots
MR     .....                    (no amulet)
Stlth  ++........               (no ring)
                                (no ring)

@: constricted, not resistant to hostile enchantments, unstealthy
A: no food or potions, fire vulnerability, cold resistance 1, negative energy
resistance 3, torment resistance, unbreathing
a: no special abilities


You were on level 4 of the Dungeon.
You were not hungry.

You visited 1 branch of the dungeon, and saw 4 of its levels.

You collected 189 gold pieces.

Inventory:

Armour
 b - a +0 pair of gloves (worn)
 c - a +1 hat of see invisible (worn)
 k - a +1 pair of boots (worn)
Jewellery
 j - an uncursed ring of ice
Scrolls
 e - a scroll of remove curse
 f - a scroll of immolation {unknown}
 g - a scroll of magic mapping {unknown}
 h - 2 scrolls of noise {unknown}
 i - 2 scrolls of identify {unknown}


   Skills:
 + Level 3.6 Fighting
 - Level 2.4 Dodging
 - Level 1.5 Stealth
 * Level 5.0 Unarmed Combat


You had 4 spell levels left.
You didn't know any spells.

Dungeon Overview and Level Annotations

Branches:
Dungeon (4/15)
 Temple: D:4-7

Altars:
Xom


Innate Abilities, Weirdness & Mutations

You do not eat or drink.
Your flesh is vulnerable to fire.
You are immune to poison.
Your flesh is cold resistant.
You are immune to negative energy.
You are immune to unholy pain and torment.
You can survive without breathing.


Message History

The ball python grabs you.
You stop ascending the stairs.
The ball python constricts you.
Unknown command.
You hit the orc priest.
The orc priest is heavily wounded.
The ball python closely misses you. The ball python constricts you.
The orc priest hits you with a hand axe.
* * * LOW HITPOINT WARNING * * *
You hit the orc priest but do no damage.
The orc priest is heavily wounded.
The orc hits you but does no damage.
The ball python bites you but does no damage.
The ball python constricts you.
The orc priest hits you with a hand axe.
* * * LOW HITPOINT WARNING * * *
You hit the orc priest but do no damage.
The orc priest is heavily wounded.
The ball python bites you but does no damage.
The ball python constricts you. The orc hits you with a whip.
You die...

########.#
#...so.oo#
#.#########
#.#....#..
#..........
#...#..#...
#.So#..$...
#?o@.......
............>....
#####.#.###.#####
...#.. ... ###
### .### . .


You could see an orc priest, an orc and a ball python.

Vanquished Creatures
  3 gnolls (D:3)
  3 adders
  2 oozes
  2 worms
  A dart slug (D:1)
  2 giant geckos (D:2)
  An orc (D:3)
  5 giant cockroaches
  8 goblins
  9 hobgoblins
  9 jackals
  5 kobolds
  A quokka (D:3)
  9 bats
  3 giant newts
  8 rats
71 creatures vanquished.

Notes
Turn   | Place    | Note
--------------------------------------------------------------
     0 | D:1      | Television the Mummy Monk began the quest for the Orb.
     0 | D:1      | Reached XP level 1. HP: 18/18 MP: 1/1
   350 | D:1      | Reached XP level 2. HP: 23/24 MP: 2/2
   898 | D:1      | Reached skill level 4 in Unarmed Combat
  1228 | D:2      | Reached XP level 3. HP: 20/29 MP: 3/3
  2635 | D:2      | Reached XP level 4. HP: 29/35 MP: 4/4
  3387 | D:3      | Found a shimmering altar of Xom.
  3419 | D:3      | Found a shimmering altar of Xom.
  3420 | D:3      | Found a shimmering altar of Xom.
  3423 | D:3      | Found a shimmering altar of Xom.
  3664 | D:3      | Reached skill level 5 in Unarmed Combat
  3796 | D:3      | Reached XP level 5. HP: 28/41 MP: 5/5
  4050 | D:4      | HP: 2/41 [orc priest/hand axe (6)]
  4051 | D:4      | Slain by an orc

Skill      XL: |  1  2  3  4 |
---------------+-------------+-----
Unarmed Combat | 4 5 |  5.0
Fighting       | |  3.6
Dodging        | |  2.4
Stealth        | |  1.5

Action                   |  1- 3 |  4- 6 || total
-------------------------+-------+-------++-------
Melee: Unarmed           |   190 |   153 ||   343
       Punch             |     4 |     6 ||    10
  Use: Scroll            |     1 |     2 ||     3
 Stab: Sleeping          |     6 |     3 ||     9
       Distracted        |       |     1 ||     1
Armor: Skin              |    44 |    26 ||    70
Dodge: Dodged            |   151 |    99 ||   250
